Map: Forteresse de fer EC

Players

AgCl - Winner!

  • Race: Protoss Protoss
  • League: Grandmaster

linkshealsw

  • Race: Zerg Zerg
  • League: Grandmaster

VOD

Have the link to the VOD?

Description

Time

  • Played on: July 2, 2015, 4:18 p.m.
  • Length: 9:11
Show
View Real Time Build Order
Export as new Build Order

AgCl Protoss - Winner!

Build Orders: Oracle Opening 

Get SALT Encoding   

  12  0:02  Probe  
  13  0:18  Probe  
  13  0:20  Pylon  
  14  0:39  Probe  
  14  0:41  Gateway  
  15  0:46  Assimilator  
  15  0:51  Assimilator  
  15  0:52  Probe  
  16  1:04  Probe (Chrono Boost)  
  17  1:10  Pylon  
  17  1:13  Probe (Chrono Boost)  
  18  1:21  Probe  
  19  1:33  Cybernetics Core  
  19  1:34  Probe (Chrono Boost)  
  20  1:47  Probe (Chrono Boost)  
  22  1:54  Probe (Chrono Boost)  
  22  2:04  Probe  
  23  2:11  Stargate  
  23  2:16  Probe (Chrono Boost)  
  23  2:19  Warp Gate (Chrono Boost)  
  24  2:26  Mothership Core (Chrono Boost)  
  25  2:42  Probe  
  26  2:54  Probe, Nexus  
  26  2:56  Oracle (Chrono Boost)  
  30  3:11  Forge  
  30  3:27  Pylon  
  30  3:44  Pylon  
  30  3:45  Probe, Void Ray (Chrono Boost)  
  34  4:08  Pylon  
  35  4:18  Zealot  
  35  4:20  Probe x2 (Chrono Boost)  
  35  4:21  Void Ray (Chrono Boost)  
  42  4:30  Probe (Chrono Boost)  
  44  4:32  Probe (Chrono Boost)  
  44  4:34  Photon Cannon  
  44  4:38  Photon Cannon  
  45  4:44  Probe  
  42  4:54  Probe  
  42  4:56  Void Ray  
  43  5:05  Probe  
  43  5:07  Cybernetics Core  
  43  5:13  Probe  
  45  5:21  Pylon  
  42  5:38  Zealot  
  42  5:42  Nexus  
  44  5:52  Robotics Facility  
  44  6:01  Protoss Air Weapons Level 1  
  44  6:05  Void Ray (Chrono Boost)  
  48  6:23  Probe  
  49  6:34  Photon Cannon  
  49  6:35  Probe  
  49  6:36  Protoss Ground Weapons Level 1 (Chrono Boost)  
  51  6:40  Observer  
  51  6:44  Oracle (Chrono Boost)  
  54  6:57  Probe (Chrono Boost)  
  54  7:00  Assimilator  
  54  7:01  Observer  
  57  7:02  Probe (Chrono Boost)  
  57  7:07  Probe (Chrono Boost)  
  58  7:10  Probe (Chrono Boost)  
  58  7:13  Gateway  
  58  7:14  Probe  
  60  7:16  Pylon  
  60  7:23  Probe  
  60  7:26  Probe  
  62  7:31  Assimilator  
  62  7:36  Probe (Chrono Boost)  
  63  7:42  Pylon  
  64  7:44  Stalker  
  64  7:51  Fleet Beacon  
  65  7:56  Probe (Chrono Boost)  
  65  7:57  Probe (Chrono Boost)  
  67  8:04  Probe  
  68  8:10  Probe  
  67  8:16  Probe  
  66  8:22  Probe  
  59  8:38  Probe (Chrono Boost)  
  60  8:42  Photon Cannon  
  60  8:43  Probe (Chrono Boost)  
  60  8:47  Probe (Chrono Boost)  
  61  8:50  Probe (Chrono Boost)  
  61  8:55  Probe  
Show
View Real Time Build Order
Export as new Build Order

linkshealsw Zerg 

Build Orders: Pool First 

Get SALT Encoding   

  12  0:01  Drone  
  13  0:10  Drone  
  14  0:25  Overlord  
  14  0:32  Extractor  
  14  0:33  Drone  
  14  0:45  Spawning Pool  
  14  0:46  Drone  
  14  0:50  Drone  
  14  0:56  Drone  
  16  0:59  Drone  
  17  1:28  Drone  
  17  1:30  Drone x2  
  17  1:31  Queen  
  22  1:52  Hatchery  
  21  2:00  Roach Warren  
  20  2:04  Drone  
  21  2:10  Overlord  
  21  2:19  Burrow  
  21  2:25  Drone  
  22  2:41  Overlord  
  22  2:42  Overlord  
  22  2:46  Roach x2  
  22  2:50  Roach  
  28  2:53  Roach  
  30  3:00  Roach  
  30  3:03  Roach  
  34  3:11  Queen  
  36  3:18  Roach  
  38  3:21  Roach  
  38  3:26  Roach  
  42  3:37  Roach x2  
  46  3:50  Roach  
  48  4:01  Spore Crawler  
  48  4:02  Queen  
  43  4:16  Roach x8  
  37  4:25  Roach x2  
  41  4:36  Roach x6  
  41  4:59  Drone x3  
  44  5:01  Roach x5  
  44  5:08  Roach  
  44  5:09  Roach x4  
  44  5:31  Drone x4  
  40  5:41  Drone x2  
  40  5:57  Lair  
  40  6:04  Overlord  
  40  6:43  Hatchery  
  40  6:47  Overlord x2  
  35  6:48  Overlord  
  35  7:07  Overlord  
  35  7:09  Drone x3  
  35  7:10  Drone  
  35  7:14  Drone  
  40  7:24  Drone  
  40  7:25  Drone x2  
  43  7:31  Roach  
  43  7:34  Drone x3  
  46  7:56  Spine Crawler  
  46  7:57  Spine Crawler, Roach x7  
  45  7:58  Spine Crawler  
  45  7:59  Spore Crawler  
  45  8:00  Spore Crawler  
Tags
 
Add a new tag
Caveats
  • Supply blocks, unpowered buildings, or Contaminate may cause inaccurate times.
  • Supply counts are checked every 10 seconds.